 Dungeon Crawl Stone Soup version 0.18.1-48-g4cf74bf (webtiles) character file.

58 varam the Ruffian (level 3, 36/36 HPs)
             Began as a Troll Monk on May 26, 2016.
             Was a Priest of Yredelemnul.
             Quit the game on level 3 of the Dungeon on June 29, 2016.
             The game lasted 00:05:51 (1520 turns).

varam the Ruffian (Troll Monk)                      Turns: 1520, Time: 00:05:51

Health: 36/36      AC:  5    Str: 19    XL:     3   Next: 75%
Magic:  0/2        EV: 10    Int:  6    God:    Yredelemnul [***...]
Gold:   86         SH:  0    Dex: 13    Spells: 0 memorised, 2 levels left

rFire  . . .     SeeInvis .       - Unarmed
rCold  . . .     Gourm    +     a - +0 robe
rNeg   . . .     Faith    .     (no shield)
rPois  .         Spirit   .     (helmet restricted)
rElec  .         Dismiss  .     (no cloak)
rCorr  .         Reflect  .     (gloves unavailable)
SustAt .         Harm     .     (boots unavailable)
MR     .....                    (no amulet)
Stlth  +.........               (no ring)
                                (no ring)

@: not resistant to hostile enchantments, very unstealthy
A: unfitting armour, claws 3, fast metabolism 3, gourmand, regeneration 2,
shaggy fur 1, tough skin 2
a: Recall Undead Slaves, Injury Mirror, Animate Dead, Renounce Religion


You were on level 3 of the Dungeon.
You worshipped Yredelemnul.
Yredelemnul was most pleased with you.
You were not hungry.

You visited 1 branch of the dungeon, and saw 3 of its levels.

You collected 86 gold pieces.

Inventory:

Armour
 a - a +0 robe (worn)
 k - a +0 shield
Scrolls
 d - 3 scrolls of remove curse {unknown}
 g - 2 scrolls of fog {unknown}
 h - 4 scrolls of identify {unknown}
 l - a scroll of enchant armour {unknown}
Potions
 e - a potion of cure mutation {unknown}
 f - 3 potions of curing {unknown}
 i - a potion of flight {unknown}
Comestibles
 b - 4 bread rations
 c - 8 fruits
 j - 3 meat rations


   Skills:
 - Level 2.4 Fighting
 - Level 2.4 Dodging
 - Level 1.1 Stealth
 + Level 5.4 Unarmed Combat


You had 2 spell levels left.
You didn't know any spells.

Dungeon Overview and Level Annotations

Branches:
Dungeon (3/15)

Altars:
Vehumet
Yredelemnul


Innate Abilities, Weirdness & Mutations

You are too large for most types of armour.
You have claws for hands.
Your metabolism is lightning-fast.
You like to eat raw meat.
You heal very quickly.
You are covered in fur (AC +1).
You have very tough skin (AC +2).


Message History

The bat closely misses you.
You scratch the bat.
You kill the bat!
Yredelemnul accepts your kill.
No target in view!
You see here a bat corpse.
You call on the dead to rise...
The dead are flying!
You feel slightly more hungry.
Welcome back, varam the Troll Monk.
Yredelemnul says: Carry the black torch!
Rouse the idle dead!
Press ? for a list of commands and other information.
Welcome back, varam the Troll Monk.
Yredelemnul says: Carry the black torch!
Rouse the idle dead!
Press ? for a list of commands and other information.
Unknown command.
Saving game... please wait.
Welcome back, varam the Troll Monk.
Yredelemnul says: Carry the black torch!
Rouse the idle dead!
Press ? for a list of commands and other information.
Are you sure you want to abandon this character and quit the game? (Confirm with "yes".)

#..##....#
#..##..P.P##
#..##.P♣P♣P#####
#)P♣♣♣.....
#†P♣♣♣.PPP
#.P.P.P.P♣
#.......P♣ .#
#...##...♣♣..#
##.###@......#
...# #...PP#.#
###.# #Z......#
..# #.....###
..# #..(..# ...
+.....# #.....#
#.....# ....###


You could see a friendly bat zombie.

Vanquished Creatures
  2 worms (D:2)
  A dart slug (D:1)
  A giant gecko (D:1)
  An orc (D:3)
  7 bats
  3 giant cockroaches
  8 goblins
  9 hobgoblins
  3 kobolds
  A ball python (D:1)
  2 giant newts
  5 rats
43 creatures vanquished.

Notes
Turn   | Place    | Note
--------------------------------------------------------------
     0 | D:1      | varam the Troll Monk began the quest for the Orb.
     0 | D:1      | Reached XP level 1. HP: 22/22 MP: 0/0
   137 | D:1      | Reached XP level 2. HP: 29/29 MP: 1/1
   530 | D:2      | Reached skill level 5 in Unarmed Combat
   530 | D:2      | Reached XP level 3. HP: 36/36 MP: 2/2
   598 | D:2      | Found a faded altar to an unknown god.
   648 | D:2      | Became a worshipper of Yredelemnul the Dark
   648 | D:2      | Reached * piety under Yredelemnul
   648 | D:2      | Reached ** piety under Yredelemnul
   911 | D:2      | Found a radiant altar of Vehumet.
  1501 | D:3      | Reached *** piety under Yredelemnul
  1520 | D:3      | Upgraded the game from 0.18.1-8-gdd0e5ea to 0.18.1-48-g4cf74bf
  1520 | D:3      | Quit the game

Skill      XL: |  1  2 |
---------------+-------+-----
Unarmed Combat | 5 |  5.4
Fighting       | |  2.4
Dodging        | |  2.4
Stealth        | |  1.1

Action                   || total
-------------------------++-------
Melee: Unarmed           ||   108
       Punch             ||     3
Invok: Animate Remains   ||     2
       Animate Dead      ||     1
 Stab: Sleeping          ||     2
  Eat: Chunk             ||    14
Armor: Robe              ||    48
Dodge: Dodged            ||    50
